 Dungeon Crawl Stone Soup version 0.31.0-4-g52a2dc7128 (console) character file.

Game seed: 10196453323471605497

9509 AlterAsc the Fencer (level 11, -7/61 HPs)
             Began as a Tengu Gladiator on Jan 23, 2024.
             Was a Believer of the Shining One.
             Mangled by a boulder beetle (17 damage)
             ... on level 11 of the Dungeon.
             The game lasted 00:31:10 (10768 turns).

AlterAsc the Fencer (Tengu Gladiator)              Turns: 10768, Time: 00:31:11

Health: -7/61      AC:  7    Str: 10    XL:     11   Next: 47%
Magic:  12/12      EV: 18    Int:  8    God:    the Shining One [**....]
Gold:   282        SH:  0    Dex: 20    Spells: 10/10 levels left

rFire   . . .        n - +6 short sword {spect, rElec Str-5 SInv}
rCold   . . .        (no shield)
rNeg    + . .        A - +3 leather armour
rPois   +            c - +0 hat
rElec   +            f - +0 cloak {rPois}
rCorr   +            (no gloves)
SInv    +            (boots unavailable)
Will    .....        (no amulet)
Stlth   +            l - ring of resist corrosion
HPRegen 0.30/turn    (no ring)
MPRegen 0.13/turn

%: acrobat
@: flying, glowing
A: beak, talons 3, evasive flight, acrobatic
a: Renounce Religion, Divine Shield


You were on level 11 of the Dungeon.
You worshipped the Shining One.
The Shining One was pleased with you.
You visited 2 branches of the dungeon, and saw 13 of its levels.

You collected 496 gold pieces.
You spent 214 gold pieces at shops.

Inventory:

Hand Weapons
 k - a +2 dagger of speed
 n - the +6 short sword of Extremism (weapon) {spect, rElec Str-5 SInv}
   (You took it off a kobold on level 2 of the Dungeon)

   Str-5:     It affects your strength (-5).
   rElec:     It insulates you from electricity.
   SInv:      It lets you see invisible.
 w - the +4 spear of Analysis {freeze, MP+9 Str+3}
   (You found it on level 4 of the Dungeon)

   Str+3:     It affects your strength (+3).
   MP+9:      It affects your magic capacity (+9).
 G - a +2 triple sword of holy wrath
 H - a +3 long sword
Missiles
 d - 4 throwing nets
 e - a javelin
 r - 13 poisoned darts (quivered)
Armour
 b - a +0 leather armour
 c - a +0 hat (worn)
 f - a +0 cloak of poison resistance (worn)
 j - a +0 ring mail
 A - a +3 leather armour (worn)
 O - a +0 kite shield
Jewellery
 l - a ring of resist corrosion (left hand)
 t - a ring of fire
 F - a +6 ring of strength
 M - a ring of ice
Wands
 a - a wand of flame (20)
 m - a wand of quicksilver (5)
 y - a wand of paralysis (8)
 P - a wand of polymorph (3)
Scrolls
 o - 3 scrolls of teleportation
 p - 3 scrolls of immolation
 s - 2 scrolls of amnesia
 v - 4 scrolls of fear
 z - 5 scrolls of vulnerability
 D - 2 scrolls of blinking
 E - 2 scrolls of enchant armour
 I - 2 scrolls of revelation
 J - a scroll of brand weapon {unknown}
 L - a scroll of torment {unknown}
Potions
 g - a potion of curing
 h - a potion of lignification {unknown}
 i - 2 potions of haste {unknown}
 q - a potion of might {unknown}
 u - 2 potions of brilliance {unknown}
 x - 2 potions of ambrosia
 B - 2 potions of invisibility {unknown}
 C - a potion of enlightenment {unknown}
 K - a potion of attraction {unknown}
 N - 2 potions of heal wounds


   Skills:
 - Level 4.2 Fighting
 * Level 17.6 Long Blades
 - Level 2.0 Throwing
 - Level 4.0 Armour
 - Level 5.3 Dodging


You had 10 spell levels left.
You didn't know any spells.
Your spell library contained the following spells:

 Spells                   Type           Power      Damage    Failure   Level
 Apportation              Tloc           0%         N/A       50%         1
 Sandblast                Erth           0%         2d4       50%         1
 Cigotuvi's Dreadful Rot  Necr/Alch/Air  0%         N/A       65%         2
 Jinxbite                 Hex            0%         N/A       65%         2
 Gell's Gravitas          Tloc           0%         N/A       86%         3
 Passwall                 Erth           0%         N/A       86%         3
 Stone Arrow              Conj/Erth      0%         3d7       86%         3
 Teleport Other           Tloc           0%         N/A       86%         3
 Brom's Barrelling Bould  Conj/Erth      0%         2d3       99%         4
 Ignite Poison            Fire/Alch      0%         N/A       99%         4
 Alistair's Intoxication  Alch           0%         N/A       100%        5
 Freezing Cloud           Conj/Ice/Air   0%         6-21      100%        5
 Dispersal                Tloc           0%         N/A       100%        6


Dungeon Overview and Level Annotations

Branches:
Dungeon (12/15)            Temple (0/1) D:5            Lair (1/5) D:8
    Orc: D:9-12

Altars:
Cheibriados
Dithmenos
Hepliaklqana
Okawaru
Sif Muna
Trog
Vehumet
Xom
Yredelemnul
The Shining One

Shops:
D:7 [   D:10 **

Portals:
Abyss: Lair:1

Annotations:
D:4 1 runed translucent door
D:8 4 runed translucent doors, 2 exclusions
Lair:1 1 transporter, Caczuus's ghost, novice SpEE


Innate Abilities, Weirdness & Mutations

You have a beak for a mouth.
You have claws for feet.
Your magical flight helps you evade attacks. (EV +4)
You can magically evade attacks while moving or waiting.


Message History

The boulder beetle is heavily wounded.
Your +6 short sword of Extremism {spect, rElec Str-5 SInv} hits the boulder beetle but does no damage.
You hit the boulder beetle but do no damage.
You claw the boulder beetle, but do no damage.
The boulder beetle is heavily wounded.
Your +6 short sword of Extremism {spect, rElec Str-5 SInv} hits the boulder beetle but does no damage.
The boulder beetle leaps!
Your +6 short sword of Extremism {spect, rElec Str-5 SInv} disappears.
The boulder beetle curls into a ball and begins rolling!
The boulder beetle completely misses you.
The boulder beetle stops rolling and uncurls.
The boulder beetle completely misses you.
The boulder beetle curls into a ball and begins rolling!
There is a stone staircase leading down here.
The orc warrior misses you.
You fly downwards.
The slime creature quivers. x3
Found 20 gold pieces.
Found a stone staircase leading up.
There is a stone staircase leading up here.
The orc warrior closely misses you.
You fly upwards.
The boulder beetle barely misses you.
The boulder beetle stops rolling and uncurls.
The boulder beetle leaps!
There is a stone staircase leading down here.
The boulder beetle curls into a ball and begins rolling!
The orc warrior misses you. The boulder beetle hits you.
The boulder beetle stops rolling and uncurls.
The boulder beetle curls into a ball and begins rolling!
The orc warrior attacks as it pursues you!
The orc warrior closely misses you.
The boulder beetle completely misses you.
The boulder beetle stops rolling and uncurls.
There is a stone staircase leading up here.
The orc warrior hits you with a +2 battleaxe of freezing!
* * * LOW HITPOINT WARNING * * *
The orc warrior freezes you.
* * * LOW HITPOINT WARNING * * *
The boulder beetle bites you!
You die...

#. #...... #.# #...... #.#
#...... #............ #.# #......
#............# #.# #......
#............#####.########......
.................................
..................>......# ######
P........................#
P~.......................#
♣..............B@........#
.........>....°o.........#
.........................#
.........................#
.........................#
.........................#
.........................########
.................................
#####.#####.#####........######.#
# #.# #.# #..[.....# #.# # #.#
#.# #........# #.#


You could see a boulder beetle and an orc warrior.

Vanquished Creatures
  A death drake (shapeshifter) (D:8)
  A black mamba (Lair:1)
  A cane toad (Lair:1)
  3 trolls
  2 hornets
  A blink frog (Lair:1)
  A vampire (D:10)
  15 yaks
  3 steam dragons
  2 basilisks (Lair:1)
  An acid dragon (D:9)
  Duvessa (D:6)
  A water moccasin (Lair:1)
  An ice beast (D:8)
  An orc warrior (D:11)
  A sky beast (D:6)
  A black bear (D:4)
  4 ogres
  A centaur (D:7)
  A phantom (D:5)
  A kobold brigand (D:10)
  3 bullfrogs
  3 gnoll sergeants
  4 scorpions
  8 wights
  Dowan (D:6)
  14 killer bees
  2 electric eels (D:11)
  3 howler monkeys (D:7)
  A jelly (D:6)
  2 bombardier beetles
  3 gnoll boudas
  3 orc priests
  5 hounds
  Natasha (twice) (D:2)
  3 iguanas
  4 orc wizards
  Robin (D:2)
  11 gnolls
  6 adders
  3 white imps
  2 ufetubi (D:6)
  5 dart slugs
  4 ribbon worms
  23 orcs
  7 endoplasms
  10 giant cockroaches
  12 goblins
  12 hobgoblins
  3 jackals (D:5)
  11 kobolds
  10 quokkas
  2 ball pythons (D:1)
  5 bats
  A frilled lizard (D:1)
  A goblin zombie (D:4)
  3 rats
237 creatures vanquished.

Vanquished Creatures (others)
  A spectral weapon (D:4)
1 creature vanquished.

Grand Total: 238 creatures vanquished

Notes
Turn   | Place    | Note
-------+----------+-------------------------------------------
     0 | D:1      | AlterAsc the Tengu Gladiator began the quest for the Orb.
     0 | D:1      | Reached XP level 1. HP: 12/12 MP: 2/2
    65 | D:1      | Reached XP level 2. HP: 16/17 MP: 3/3
    70 | D:1      | Reached skill level 4 in Long Blades
   327 | D:1      | Reached XP level 3. HP: 20/21 MP: 4/4
   679 | D:1      | Reached skill level 5 in Long Blades
   904 | D:2      | Noticed Robin
   917 | D:2      | Reached XP level 4. HP: 26/26 MP: 5/5
   928 | D:2      | Killed Robin
  1097 | D:2      | Identified the +6 short sword of Extremism {spect, rElec
                  | Str-5 SInv}
  1272 | D:2      | Noticed Natasha
  1279 | D:2      | Killed Natasha
  1280 | D:2      | Reached skill level 6 in Long Blades
  1383 | D:2      | Noticed Natasha
  1387 | D:2      | Killed Natasha
  1388 | D:2      | Reached XP level 5. HP: 28/30 MP: 6/6
  1687 | D:3      | Found a radiant altar of Vehumet.
  1735 | D:3      | Found an iron altar of Okawaru.
  1793 | D:3      | Found a snail-covered altar of Cheibriados.
  2063 | D:3      | Reached skill level 7 in Long Blades
  2147 | D:3      | Found a bloodstained altar of Trog.
  2290 | D:4      | Reached XP level 6. HP: 35/35 MP: 7/7
  2290 | D:4      | Identified the +4 spear of Analysis {freeze, MP+9 Str+3}
  2376 | D:4      | Noticed a black bear
  2384 | D:4      | Killed a black bear
  2412 | D:4      | Found a runed translucent door.
  2412 | D:4      | Noticed a human
  2619 | D:4      | Reached skill level 8 in Long Blades
  2663 | D:4      | Gained mutation: Your magical flight helps you evade
                  | attacks. (EV +4) [Tengu growth]
  2663 | D:4      | Reached XP level 7. HP: 20/40 MP: 8/8
  2977 | D:5      | Entered Level 5 of the Dungeon
  3179 | D:5      | Reached skill level 9 in Long Blades
  3354 | D:5      | Found a glowing golden altar of the Shining One.
  3401 | D:5      | Reached skill level 10 in Long Blades
  3401 | D:5      | Reached XP level 8. HP: 18/44 MP: 9/9
  3410 | D:5      | Became a worshipper of the Shining One
  3502 | D:5      | Found a staircase to the Ecumenical Temple.
  3671 | D:4      | Found a basalt altar of Yredelemnul.
  3937 | D:5      | Found a hazy altar of Hepliaklqana.
  4155 | D:6      | Found a shimmering blue altar of Sif Muna.
  4176 | D:6      | Reached skill level 11 in Long Blades
  4264 | D:6      | Noticed Duvessa
  4266 | D:6      | Noticed Dowan
  4272 | D:6      | Killed Duvessa
  4279 | D:6      | Killed Dowan
  4381 | D:6      | Reached skill level 12 in Long Blades
  4598 | D:6      | Noticed a cyclops
  4657 | D:6      | Reached skill level 1 in Armour
  4774 | D:7      | Reached XP level 9. HP: 44/49 MP: 10/10
  5181 | D:7      | Noticed a hornet
  5184 | D:7      | Paralysed by a hornet for 1 turns
  5187 | D:7      | Killed a hornet
  5336 | D:7      | Found Otadedumn's Armour Emporium.
  5481 | D:7      | Bought a +0 cloak of poison resistance for 102 gold pieces
  5653 | D:7      | Reached skill level 5 in Dodging
  6106 | D:8      | Noticed a hornet
  6117 | D:8      | Killed a hornet
  6118 | D:8      | Reached skill level 13 in Long Blades
  6183 | D:8      | Found a large runed translucent door.
  6183 | D:8      | Found a large runed translucent door.
  6183 | D:8      | Noticed a komodo dragon
  6184 | D:8      | Noticed a troll
  6184 | D:8      | Reached * piety under the Shining One
  6193 | D:8      | Found a large runed translucent door.
  6193 | D:8      | Found a large runed translucent door.
  6271 | D:8      | Noticed a death drake
  6278 | D:8      | Killed a death drake
  6278 | D:8      | The Shining One protects you from harm!
  6279 | D:8      | Reached skill level 14 in Long Blades
  6279 | D:8      | Reached XP level 10. HP: 9/57 MP: 11/11
  6279 | D:8      | HP: 1/57 [poisoned by a death drake (dark miasma)]
  6482 | D:8      | Identified the orb of the Kettle-Drum {light, Stlth+ Earth}
  6722 | D:8      | Found a staircase to the Lair.
  7152 | D:8      | Noticed a tengu warrior
  7338 | D:9      | Found a shadowy altar of Dithmenos.
  7554 | D:9      | Found a shimmering altar of Xom.
  7756 | D:9      | Reached skill level 15 in Long Blades
  8267 | Lair:1   | Entered Level 1 of the Lair of Beasts
  8393 | Lair:1   | Noticed a cane toad
  8402 | Lair:1   | Killed a cane toad
  8403 | Lair:1   | Reached skill level 16 in Long Blades
  8586 | Lair:1   | Found a transporter.
  8651 | Lair:1   | Noticed a green ugly thing
  8652 | Lair:1   | Noticed a purple ugly thing
  8653 | Lair:1   | Noticed Caczuus's ghost (novice SpEE)
  8653 | Lair:1   | Reached ** piety under the Shining One
  8670 | Lair:1   | Reached XP level 11. HP: 54/61 MP: 12/12
  8704 | Lair:1   | Found a one-way gate to the infinite horrors of the Abyss.
  8715 | Lair:1   | HP: 3/61 [blink frog (16)]
  8942 | D:10     | Entered Level 10 of the Dungeon
  9282 | D:10     | Found Enurph Heby's Specific Store.
  9285 | D:10     | Found Buadei's General Store.
  9457 | D:10     | Bought a scroll of enchant weapon for 112 gold pieces
  9802 | D:10     | Reached skill level 17 in Long Blades
  9996 | D:10     | Identified the maw talisman "Rujer" {rN+ rCorr Int-2}
 10332 | D:11     | Noticed a two-headed ogre
 10739 | D:11     | Noticed a boulder beetle
 10768 | D:11     | Mangled by a boulder beetle

Illustrated notes

Levels and vault maps discovered:
D:1:      saegor_arrival_miasma, layout_basic, minmay_worlds_worst_comb
D:2:      layout_loops_ring, uniq_natasha, uniq_robin
D:3:      layout_loops_cross, mainiacjoe_overflow_alcove_2,
          cheibrodos_worm_habitat, lemuel_round_altar, trog_butcher_becter,
          minmay_three_crescents
D:4:      layout_basic, dk_yredelemnul_ordeal, minmay_ruptured
D:5:      layout_cave_pools, overflow_temple_1_default,
          worldfamousw_hep_ancestral_shrine, minmay_temple_entry_proselytizer,
          chequers_arboretum, kennysheep_cross_bottleneck
D:6:      layout_cave_pools, nicolae_overflow_crystal_walls,
          kennysheep_generic_room_11, uniq_duvessa
D:7:      layout_basic, nicolae_overflow_hidden_temple, serial_shops, shop,
          chequers_serial_rivers_room_a
D:8:      layout_layer_cave, dpeg_oklobed_lair, minmay_hollow_rounded_squares
D:9:      layout_irregular_city, mainiacjoe_overflow_concentric_impassable,
          mainiacjoe_overflow_paths
D:10:     wander_river, layout_gridville, nicolae_specific_store,
          blue_anna_alchemist
D:11:     layout_small_grid, david_orc_4, serial_bayou, serial_bayou_pond_e,
          serial_bayou_pond_d, serial_bayou_lake_a, serial_bayou_pond_c,
          uniq_snorg
D:12:     layout_basic, serial_shops, shop
Lair:1:   layout_loops_ring, gammafunk_ghost_abyssal_escape, grunt_megastairs_2

Skill      XL: |  1  2  3  4  5  6  7  8  9 10 11 |
---------------+----------------------------------+-----
Long Blades    | 4 5 6 7 8 10 12 14 16 17 | 17.6
Armour         | 1 4 |  4.0
Dodging        | 5 |  5.3
Fighting       | 4 |  4.2
Throwing       | |  2.0

Action                     |  1- 3 |  4- 6 |  7- 9 | 10-12 || total
---------------------------+-------+-------+-------+-------++-------
  Melee: Long sword        |    93 |    26 |       |       ||   119
         Kick              |    20 |    27 |    67 |    77 ||   191
         Peck              |     9 |    13 |    34 |    54 ||   110
         Short sword       |       |    71 |    90 |    17 ||   178
         Punch             |       |       |     3 |       ||     3
         Triple sword      |       |       |    83 |   187 ||   270
  Throw: Throwing net      |     1 |       |       |       ||     1
         Dart              |       |     1 |    13 |     3 ||    17
    Use: Scroll            |       |       |     4 |    10 ||    14
         Potion            |       |       |     3 |     3 ||     6
 Armour: Leather armour    |    15 |       |    63 |    98 ||   176
         Ring mail         |    17 |    26 |     7 |       ||    50
  Dodge: Dodged            |    78 |    48 |   163 |   170 ||   459
